TOP OF THE 1ST |
Everett AquaSox batting - Pitching for Vancouver Canadians : RHP Allen Vesey
|
Pitching: RHP Allen Vesey
|
|
Batting: RHB Mike Conaway
|
0-0: Foul Ball, location: 2F 0-1: Ball 1-1: Ground out 5-3 (Groundball, 56S, EV 71.9 MPH)
|
Batting: RHB Enrique Valdez
|
0-0: Foul Ball, location: 2F 0-1: Foul Ball, location: 2F 0-2: Ground out 5-3 (Groundball, 56, EV 81.2 MPH)
|
Batting: SHB Hatsuo Miura
|
0-0: Called Strike 0-1: Called Strike 0-2: Strikes out swinging
|
Top of the 1st over - 0 runs, 0 hits, 0 errors, 0 left on base; Everett 0 - Vancouver 0 |
BOTTOM OF THE 1ST |
Vancouver Canadians batting - Pitching for Everett AquaSox : RHP Raul Lopez
|
Pitching: RHP Raul Lopez
|
|
Batting: RHB Justin Geiger
|
0-0: Called Strike 0-1: Fly out, F4 (Popup, 34D, EV 49.4 MPH)
|
Batting: RHB Lee McKay
|
0-0: Called Strike 0-1: Ball 1-1: Swinging Strike 1-2: Ball 2-2: Strikes out swinging
|
Batting: RHB Kyle Scruggs
|
0-0: Ball 1-0: Ball 2-0: Called Strike 2-1: Fly out, F7 (Line Drive, 7S, EV 101.2 MPH)
|
Bottom of the 1st over - 0 runs, 0 hits, 0 errors, 0 left on base; Everett 0 - Vancouver 0 |
TOP OF THE 2ND |
Everett AquaSox batting - Pitching for Vancouver Canadians : RHP Allen Vesey
|
Batting: LHB Taki Matsui
|
0-0: Foul Ball, location: 2F 0-1: Ball 1-1: Called Strike 1-2: Foul Ball, location: 2F 1-2: Ball 2-2: Strikes out swinging, 2-3 out at first.
|
Batting: RHB Ben Alspach
|
0-0: Ball 1-0: Ball 2-0: Called Strike 2-1: Swinging Strike 2-2: Foul Ball, location: 2F 2-2: Strikes out looking
|
Batting: LHB Justin Long
|
0-0: Foul Ball, location: 2F 0-1: Foul Ball, location: 2F 0-2: Strikes out swinging
|
Top of the 2nd over - 0 runs, 0 hits, 0 errors, 0 left on base; Everett 0 - Vancouver 0 |
BOTTOM OF THE 2ND |
Vancouver Canadians batting - Pitching for Everett AquaSox : RHP Raul Lopez
|
Batting: RHB Porter Welsh
|
0-0: Called Strike 0-1: Swinging Strike 0-2: Ball 1-2: Ball 2-2: Fly out, F9 (Flyball, 9, EV 90.6 MPH)
|
Batting: RHB Bobby Lasaguna
|
0-0: Ball 1-0: Ground out 6-3 (Groundball, 56, EV 103.1 MPH)
|
Batting: RHB Carlos Renteria
|
0-0: Swinging Strike 0-1: Swinging Strike 0-2: SINGLE (Line Drive, 4MD, EV 108.8 MPH)
|
Batting: RHB Dan Hilyer
|
0-0: Ball 1-0: Called Strike 1-1: Swinging Strike 1-2: Ground out 6-3 (Groundball, 6MD, EV 108.1 MPH)
|
Bottom of the 2nd over - 0 runs, 1 hit, 0 errors, 1 left on base; Everett 0 - Vancouver 0 |
TOP OF THE 3RD |
Everett AquaSox batting - Pitching for Vancouver Canadians : RHP Allen Vesey
|
Batting: LHB Josh Kirk
|
0-0: Fly out, F8 (Line Drive, 8RM, EV 93.8 MPH)
|
Batting: RHB Ben Herman
|
0-0: Called Strike 0-1: Swinging Strike 0-2: Foul Ball, location: 2F 0-2: Ground out U3 (Groundball, 3, EV 85.0 MPH)
|
Batting: LHB Addisu Nyamekye
|
0-0: Ball 1-0: SINGLE (Line Drive, 8LS, EV 91.9 MPH)
|
Batting: RHB Mike Conaway
|
0-0: Called Strike 0-1: Called Strike 0-2: Ball 1-2: Ball 2-2: Fly out, F7 (Flyball, 7D, EV 87.5 MPH)
|
Top of the 3rd over - 0 runs, 1 hit, 0 errors, 1 left on base; Everett 0 - Vancouver 0 |
BOTTOM OF THE 3RD |
Vancouver Canadians batting - Pitching for Everett AquaSox : RHP Raul Lopez
|
Batting: LHB Adam Santarelli
|
0-0: SINGLE (Groundball, 23, EV 65.6 MPH) (infield hit)
|
Batting: LHB Julio Canseco
|
0-0: Ball Adam Santarelli is caught stealing 2nd base 2-6 1-0: Foul Ball, location: 2F 1-1: Ball 2-1: Called Strike 2-2: Foul Ball, location: 2F 2-2: Ball 3-2: Foul Ball, location: 2F 3-2: Ground out 4-3 (Groundball, 4, EV 86.2 MPH)
|
Batting: RHB Justin Geiger
|
0-0: Called Strike 0-1: Ball 1-1: Called Strike 1-2: Ball 2-2: Strikes out looking
|
Bottom of the 3rd over - 0 runs, 1 hit, 0 errors, 0 left on base; Everett 0 - Vancouver 0 |
TOP OF THE 4TH |
Everett AquaSox batting - Pitching for Vancouver Canadians : RHP Allen Vesey
|
Batting: RHB Enrique Valdez
|
0-0: Foul Ball, location: 2F 0-1: Ball 1-1: SINGLE (Line Drive, 34D, EV 96.2 MPH)
|
Batting: SHB Hatsuo Miura
|
0-0: Ball 1-0: Swinging Strike 1-1: Swinging Strike 1-2: Ball 2-2: Ball 3-2: Base on Balls Enrique Valdez to second
|
Pitching: RHP Young-ghil Sohn
|
|
Batting: LHB Taki Matsui
|
0-0: Called Strike 0-1: Fielders Choice at 2nd, 4-6 (Groundball, 4, EV 86.2 MPH) Enrique Valdez to third
|
Batting: RHB Ben Alspach
|
0-0: Called Strike 0-1: Ball 1-1: Ball 2-1: Fly out, F7 (Line Drive, 7, EV 106.9 MPH) Runner from 3rd tags up, SCORES, no throw by LF
|
Batting: LHB Justin Long
|
0-0: Ball 1-0: Ball 2-0: Called Strike 2-1: Swinging Strike 2-2: Strikes out swinging
|
Top of the 4th over - 1 run, 1 hit, 0 errors, 1 left on base; Everett 1 - Vancouver 0 |
BOTTOM OF THE 4TH |
Vancouver Canadians batting - Pitching for Everett AquaSox : RHP Raul Lopez
|
Batting: RHB Lee McKay
|
0-0: SINGLE (Line Drive, 89S, EV 107.5 MPH)
|
Batting: RHB Kyle Scruggs
|
0-0: Ball 1-0: Called Strike 1-1: Ball 2-1: Foul Ball, location: 2F 2-2: Ball 3-2: SINGLE (Line Drive, 8RS, EV 98.8 MPH) Lee McKay to second Runner from 2nd tries for 3rd, SAFE, throw by CF made to third
|
Batting: RHB Porter Welsh
|
0-0: Ball 1-0: Fly out, F9 (Flyball, 89D, EV 81.2 MPH)
|
Batting: RHB Bobby Lasaguna
|
0-0: Ball 1-0: Ball 2-0: Foul Ball, location: 2F 2-1: SINGLE (Groundball, 6M, EV 88.8 MPH) (infield hit) Lee McKay scores Kyle Scruggs to second
|
Batting: RHB Carlos Renteria
|
0-0: Ground out 6-3 (Groundball, 6MS, EV 82.5 MPH) Kyle Scruggs to third Bobby Lasaguna to second
|
Batting: RHB Dan Hilyer
|
0-0: Ball Wild Pitch! Kyle Scruggs scores Bobby Lasaguna to third 1-0: Ball 2-0: Ball 3-0: Called Strike 3-1: 2-RUN HOME RUN (Flyball, 78XD, EV 101.2 MPH), Distance : 422 ft
|
Batting: LHB Adam Santarelli
|
0-0: Ball 1-0: Ball 2-0: Ball 3-0: Called Strike 3-1: Called Strike 3-2: Foul Ball, location: 2F 3-2: Foul Ball, location: 2F 3-2: DOUBLE (Line Drive, 78M, EV 93.8 MPH)
|
Batting: LHB Julio Canseco
|
0-0: Ball 1-0: Fly out, F8 (Flyball, 8RD, EV 103.1 MPH)
|
Bottom of the 4th over - 4 runs, 5 hits, 0 errors, 1 left on base; Everett 1 - Vancouver 4 |
TOP OF THE 5TH |
Everett AquaSox batting - Pitching for Vancouver Canadians : RHP Young-ghil Sohn
|
Batting: LHB Josh Kirk
|
0-0: Called Strike 0-1: Ball 1-1: Foul Ball, location: 2F 1-2: Foul Ball, location: 2F 1-2: Foul Ball, location: 2F 1-2: DOUBLE (Groundball, 5L, EV 103.1 MPH)
|
Batting: RHB Ben Herman
|
0-0: Ball 1-0: Called Strike 1-1: Ball 2-1: Ground out 6-3 (Groundball, 6, EV 83.1 MPH) Josh Kirk to third
|
Batting: LHB Addisu Nyamekye
|
0-0: Swinging Strike 0-1: Called Strike 0-2: Ground out 4-3 (Groundball, 34, EV 90.6 MPH) Josh Kirk scores
|
Batting: RHB Mike Conaway
|
0-0: Ground out U3 (Groundball, 3, EV 92.5 MPH)
|
Top of the 5th over - 1 run, 1 hit, 0 errors, 0 left on base; Everett 2 - Vancouver 4 |
BOTTOM OF THE 5TH |
Vancouver Canadians batting - Pitching for Everett AquaSox : RHP Raul Lopez
|
Batting: RHB Justin Geiger
|
0-0: Fly out, F9 (Line Drive, 9, EV 95.6 MPH)
|
Batting: RHB Lee McKay
|
0-0: Ball 1-0: Foul Ball, location: 2F 1-1: Ball 2-1: Foul Ball, location: 2F 2-2: Ball 3-2: Base on Balls
|
Pitching: RHP Jose Acevedo
|
|
Batting: RHB Kyle Scruggs
|
0-0: Ball 1-0: Ball 2-0: Ball 3-0: Base on Balls Lee McKay to second
|
Batting: RHB Porter Welsh
|
0-0: Ball Lee McKay steals 3rd base (no throw) 1-0: Called Strike 1-1: Ball 2-1: Fly out, F9 (Flyball, 9LSF, EV 90.0 MPH)
|
Batting: RHB Bobby Lasaguna
|
0-0: Fielders Choice at 2nd, 6-4 (Groundball, 6, EV 90.0 MPH)
|
Bottom of the 5th over - 0 runs, 0 hits, 0 errors, 2 left on base; Everett 2 - Vancouver 4 |
TOP OF THE 6TH |
Everett AquaSox batting - Pitching for Vancouver Canadians : RHP Young-ghil Sohn
|
Batting: RHB Enrique Valdez
|
0-0: Called Strike 0-1: Called Strike 0-2: Foul Ball, location: 2F 0-2: Ball 1-2: Ball 2-2: Ground out U3 (Groundball, 34, EV 103.8 MPH)
|
Batting: SHB Hatsuo Miura
|
0-0: Swinging Strike 0-1: Ground out 6-3 (Groundball, 4M, EV 96.9 MPH)
|
Batting: LHB Taki Matsui
|
0-0: Ball 1-0: Ball 2-0: Ball 3-0: Base on Balls
|
Batting: RHB Ben Alspach
|
0-0: Ball 1-0: Ball 2-0: Ball 3-0: Called Strike 3-1: Called Strike 3-2: Strikes out swinging
|
Top of the 6th over - 0 runs, 0 hits, 0 errors, 1 left on base; Everett 2 - Vancouver 4 |
BOTTOM OF THE 6TH |
Vancouver Canadians batting - Pitching for Everett AquaSox : RHP Jose Acevedo
|
Batting: RHB Carlos Renteria
|
0-0: Called Strike 0-1: Ball 1-1: Called Strike 1-2: Foul Ball, location: 2F 1-2: Foul Ball, location: 2F 1-2: Strikes out looking
|
Batting: RHB Dan Hilyer
|
0-0: Foul Ball, location: 2F 0-1: Ground out 5-3 (Groundball, 25, EV 86.2 MPH)
|
Batting: LHB Adam Santarelli
|
0-0: Foul Ball, location: 2F 0-1: Called Strike 0-2: Strikes out swinging
|
Bottom of the 6th over - 0 runs, 0 hits, 0 errors, 0 left on base; Everett 2 - Vancouver 4 |
TOP OF THE 7TH |
Everett AquaSox batting - Pitching for Vancouver Canadians : RHP Young-ghil Sohn
|
Pitching: LHP Dave Schmidt
|
|
Now in LF: Dan Hilyer
|
|
Now in CF: Jose Ontiveros
|
|
Batting: LHB Justin Long
|
0-0: Called Strike 0-1: Swinging Strike 0-2: Foul Ball, location: 2F 0-2: Ball 1-2: Ball 2-2: Strikes out swinging
|
Pinch Hitting: RHB Hideo Okimura
|
0-0: SINGLE (Groundball, 4MD, EV 101.2 MPH)
|
Pitching: RHP Zach Wahlin
|
|
Pinch Hitting: LHB Roy Blonski
|
0-0: Foul Ball, location: 2F 0-1: Fly out, F9 (Flyball, 9S, EV 88.8 MPH)
|
Pitching: LHP Antonio Villarreal
|
|
Batting: SHB Charlie Diesel
|
0-0: Foul Ball, location: 2F 0-1: Called Strike 0-2: Foul Ball, location: 2F 0-2: Ball Passed Ball! Hideo Okimura to second 1-2: Strikes out swinging
|
Top of the 7th over - 0 runs, 1 hit, 0 errors, 1 left on base; Everett 2 - Vancouver 4 |
BOTTOM OF THE 7TH |
Vancouver Canadians batting - Pitching for Everett AquaSox : RHP Jose Acevedo
|
Now at SS: Brian Butler
|
|
Now in CF: Hatsuo Miura
|
|
Now in RF: Hideo Okimura
|
|
Batting: LHB Julio Canseco
|
0-0: Ball 1-0: Ball 2-0: Called Strike 2-1: Ball 3-1: Base on Balls
|
Batting: RHB Justin Geiger
|
0-0: SINGLE (Line Drive, 9LM, EV 99.4 MPH) Julio Canseco to second Julio Canseco to third
|
Batting: RHB Lee McKay
|
0-0: Ball 1-0: Foul Ball, location: 2F 1-1: Foul Ball, location: 2F 1-2: Foul Ball, location: 2F 1-2: Ball Justin Geiger steals 2nd base 2-2: Fly out, F7 (Flyball, 7S, EV 86.9 MPH)
|
Batting: RHB Kyle Scruggs
|
0-0: Ball 1-0: Called Strike 1-1: Ground out 4-3 (Groundball, 4S, EV 81.2 MPH) Julio Canseco scores Justin Geiger to third
|
Batting: RHB Porter Welsh
|
0-0: Ball 1-0: Ball 2-0: Ball 3-0: Base on Balls
|
Batting: RHB Bobby Lasaguna
|
0-0: Called Strike 0-1: Ball Porter Welsh steals 2nd, throwing error, E2 Justin Geiger scores Porter Welsh to third 1-1: Foul Ball, location: 2F 1-2: Ground out 5-3 (Groundball, 56S, EV 92.5 MPH)
|
Bottom of the 7th over - 2 runs, 1 hit, 1 error, 1 left on base; Everett 2 - Vancouver 6 |
TOP OF THE 8TH |
Everett AquaSox batting - Pitching for Vancouver Canadians : LHP Antonio Villarreal
|
Now at 1B: Alex Vazquez
|
|
Batting: RHB Mike Conaway
|
0-0: Ball 1-0: Ball 2-0: Called Strike 2-1: Foul Ball, location: 2F 2-2: Strikes out swinging
|
Batting: RHB Enrique Valdez
|
0-0: Ball 1-0: Foul Ball, location: 2F 1-1: Foul Ball, location: 2F 1-2: Strikes out looking
|
Batting: SHB Hatsuo Miura
|
0-0: Ball 1-0: Called Strike 1-1: Ball 2-1: Swinging Strike 2-2: Strikes out swinging
|
Top of the 8th over - 0 runs, 0 hits, 0 errors, 0 left on base; Everett 2 - Vancouver 6 |
BOTTOM OF THE 8TH |
Vancouver Canadians batting - Pitching for Everett AquaSox : RHP Jose Acevedo
|
Pitching: RHP Marty Maginnis
|
|
Batting: RHB Carlos Renteria
|
0-0: Swinging Strike 0-1: Ball 1-1: Called Strike 1-2: Strikes out swinging
|
Batting: RHB Dan Hilyer
|
0-0: Ball 1-0: Foul Ball, location: 2F 1-1: Swinging Strike 1-2: Ball 2-2: Foul Ball, location: 2F 2-2: Foul Ball, location: 2F 2-2: Ball 3-2: Fly out, F4 (Popup, 23, EV 80.6 MPH)
|
Batting: RHB Jose Ontiveros
|
0-0: Ball 1-0: Fly out, F8 (Line Drive, 8LS, EV 90.6 MPH)
|
Bottom of the 8th over - 0 runs, 0 hits, 0 errors, 0 left on base; Everett 2 - Vancouver 6 |
TOP OF THE 9TH |
Everett AquaSox batting - Pitching for Vancouver Canadians : LHP Antonio Villarreal
|
Batting: LHB Taki Matsui
|
0-0: Ball 1-0: Ball 2-0: Ball 3-0: Called Strike 3-1: Base on Balls
|
Batting: RHB Ben Alspach
|
0-0: Called Strike 0-1: Ball 1-1: Ball 2-1: Swinging Strike 2-2: Strikes out swinging
|
Pinch Hitting: RHB Tomokazu Sugimoto
|
0-0: Ball 1-0: Ball 2-0: Foul Ball, location: 2F 2-1: Ball 3-1: Grounds into double play, 5-4-3 (Groundball, 56, EV 103.8 MPH)
|
Top of the 9th over - 0 runs, 0 hits, 0 errors, 0 left on base; Everett 2 - Vancouver 6 |
|